 Dungeon Crawl Stone Soup version 0.26-a0-712-ga5a9c9c9d0 (webtiles) character file.

Game seed: 10138563286025530399

4257 Apogee the Cleaver (level 10, -5/80 HPs)
             Began as a Human Fighter on Nov 13, 2020.
             Was a Believer of Yredelemnul.
             Slain by an orc warrior
             ... wielding a +0 dire flail
              (12 damage)
             ... on level 10 of the Dungeon.
             The game lasted 00:12:24 (10401 turns).

Apogee the Cleaver (Human Fighter)                 Turns: 10401, Time: 00:12:25

Health: -5/80      AC: 21    Str: 24    XL:     10   Next: 56%
Magic:  13/13      EV:  7    Int:  8    God:    Yredelemnul [**....]
Gold:   435        SH:  0    Dex: 12    Spells: 9/9 levels left

rFire    . . .     SeeInvis .   a - +2 war axe (freeze)
rCold    . . .     Faith    .   (no shield)
rNeg     . . .     Spirit   .   T - +0 plate armour
rPois    .         Reflect  .   y - +0 helmet
rElec    .         Harm     .   F - +0 cloak "Noank" {Str+3 Slay+2}
rCorr    .         Rampage  .   (no gloves)
MR       .....                  I - +1 pair of boots
Stlth    ..........             (no amulet)
HPRegen  0.23/turn              r - ring of attention
MPRegen  0.13/turn              L - +4 ring of protection

@: lethally poisoned (-5 -> -6)
A: no striking features
a: Animate Remains, Recall Undead Slaves, Injury Mirror, Renounce Religion


You were on level 10 of the Dungeon.
You worshipped Yredelemnul.
Yredelemnul was pleased with you.
You visited 2 branches of the dungeon, and saw 11 of its levels.
You also visited: Sewer.

You collected 695 gold pieces.
You spent 260 gold pieces at shops.

Inventory:

Hand Weapons
 a - a +2 war axe of freezing (weapon)
   (You took it off a wight on level 6 of the Dungeon)
Missiles
 b - 266 stones
 f - 14 curare-tipped darts (quivered) {!f}
 B - 23 bolts
 C - 54 poisoned darts
Armour
 y - a +0 helmet (worn)
   (You found it on level 3 of the Dungeon)
 F - the +0 cloak "Noank" (worn) {Str+3 Slay+2}
   (You found it on level 4 of the Dungeon)

   It affects your strength (+3).
   It affects your accuracy and damage with ranged weapons and melee attacks
   (+2).
 G - a +0 kite shield
 I - a +1 pair of boots (worn)
   (You found it on level 5 of the Dungeon)
 T - a +0 plate armour (worn)
   (You found it on level 9 of the Dungeon)
Jewellery
 e - an uncursed amulet of magic regeneration
   (You took it off a kobold on level 3 of the Dungeon)
 o - an uncursed ring of protection from cold
   (You found it on level 2 of the Dungeon)
 r - a ring of attention (left hand)
   (You found it on level 2 of the Dungeon)
 H - an uncursed ring of stealth
   (You found it on level 4 of the Dungeon)
 L - a +4 ring of protection (right hand)
   (You found it on level 6 of the Dungeon)
 N - an uncursed ring of stealth
   (You found it on level 7 of the Dungeon)
Wands
 c - a wand of disintegration (13)
   (You found it on level 4 of the Dungeon)
 d - a wand of iceblast (8)
   (You found it on level 7 of the Dungeon)
 x - a wand of acid (4)
   (You found it on level 8 of the Dungeon)
 O - a wand of polymorph (16)
   (You found it on level 3 of the Dungeon)
Scrolls
 i - 11 scrolls of teleportation {@r4}
 m - a scroll of magic mapping {unknown}
 p - 2 scrolls of fog {unknown}
 s - 17 scrolls of identify {@r1}
 u - 5 scrolls of remove curse {@r2}
 w - 3 scrolls of amnesia {unknown}
 D - a scroll of holy word {unknown}
 J - a scroll of torment {!r}
 K - 3 scrolls of blinking
 P - a scroll of immolation {unknown}
 S - a scroll of fear {unknown}
Potions
 g - 3 potions of degeneration {unknown}
 h - 2 potions of cancellation {unknown}
 j - 11 potions of curing {unknown}
 k - 5 potions of heal wounds {unknown}
 l - a potion of berserk rage {unknown}
 n - 2 potions of magic {unknown}
 q - a potion of brilliance {unknown}
 t - 3 potions of stabbing {unknown}
 v - 2 potions of mutation {unknown}
 A - 4 potions of flight {unknown}
 E - a potion of invisibility {unknown}
 M - 2 potions of might
 Q - a potion of lignification {unknown}


   Skills:
 - Level 8.0 Fighting
 + Level 10.7 Axes
 + Level 6.3 Armour
 - Level 2.0 Stealth
 - Level 3.0 Shields
 - Level 4.0 Invocations


You had 9 spell levels left.
You didn't know any spells.
Your spell library contained the following spells:

 Spells                   Type           Power        Failure   Level
 Animate Skeleton         Necr           #.....       99%         1
 Apportation              Tloc           #.....       99%         1
 Corona                   Hex            #......      99%         1
 Foxfire                  Conj/Fire      #...         99%         1
 Summon Small Mammal      Summ           #...         99%         1
 Confusing Touch          Hex            #.......     100%        3
 Conjure Flame            Conj/Fire      #.......     100%        3
 Gell's Gravitas          Tloc           #.........   100%        3
 Inner Flame              Hex/Fire       #.......     100%        3
 Petrify                  Tmut/Erth      #.......     100%        4
 Sticky Flame             Conj/Fire      #.......     100%        4
 Fireball                 Conj/Fire      #.........   100%        5
 Metabolic Englaciation   Hex/Ice        #.........   100%        5
 Yara's Violent Unravell  Hex/Tmut       #.........   100%        5


Dungeon Overview and Level Annotations

Branches:
Dungeon (10/15)            Temple (0/1) D:7            Lair (1/6) D:9
  Sewer (visited)
    Orc: D:9-12

Altars:
Kikubaaqudgha
Makhleb
Nemelex Xobeh
Vehumet
Yredelemnul
The Shining One

Shops:
D:4 (   D:6 ?

Annotations:
D:8 1 runed translucent door


Message History

You barely miss the adder. You hit the orc warrior. You freeze the orc warrior.
You feel sick.
The orc warrior hits you with a +0 dire flail!
* * * LOW HITPOINT WARNING * * *
The adder bites you but does no damage.
An orc comes into view. It is wielding a -3 whip.
You closely miss the orc warrior.
The orc shouts!
You slash the adder!
The adder seems to slow down.
You freeze the adder.
You kill the adder!
Yredelemnul accepts your kill.
You hear a shout!
The orc warrior barely misses you.
Unknown command.
You slash the orc warrior! You freeze the orc warrior.
You feel sick.
The orc warrior hits you with a +0 dire flail.
* * * LOW HITPOINT WARNING * * *
You hit the orc warrior. You freeze the orc warrior.
The orc warrior hits you with a +0 dire flail.
* * * LOW HITPOINT WARNING * * *
You completely miss the orc warrior.
You feel sick.
Unknown command.
You barely miss the orc warrior.
You feel sick.
The orc warrior hits you with a +0 dire flail!
* * * LOW HITPOINT WARNING * * *
You hit the orc warrior. You freeze the orc warrior. You slash the orc!
You freeze the orc.
You kill the orc!
Yredelemnul accepts your kill.
The orc warrior hits you but does no damage.
Unknown command.
You hit the orc warrior but do no damage.
The orc warrior hits you but does no damage.
Unknown command.
You hit the orc warrior. You freeze the orc warrior.
You feel sick. The orc warrior barely misses you.
Unknown command.
You closely miss the orc warrior.
The orc warrior hits you with a +0 dire flail.
* * * LOW HITPOINT WARNING * * *
You closely miss the orc warrior. The orc warrior closely misses you.
Unknown command.
You barely miss the orc warrior.
You feel sick.
The orc warrior hits you with a +0 dire flail!
* * * LOW HITPOINT WARNING * * *
You hit the orc warrior but do no damage.
Your plate armour prevents you from hitting the orc warrior.
The orc warrior hits you with a +0 dire flail!
You die...
Your body rises from the dead as a mindless zombie.

..........#
.............#
.............#
#..########..# #..
#..# #.. #..# #..
#..#
#####..########..#
......†)@........#
......†o.........#
...############..#
. #..# #..# ...#
...# ###$#


You could see an orc warrior.

Vanquished Creatures
  A komodo dragon (D:9)
  A troll (D:9)
  2 wyverns (D:9)
  2 basilisks (D:9)
  A swamp drake (D:9)
  A water moccasin (D:9)
  A sky beast (D:6)
  An orc warrior (D:8)
  2 phantoms
  A black bear (D:7)
  6 centaurs
  2 ogres
  2 big kobolds (Sewer)
  3 bullfrogs
  2 scorpions
  4 wights (D:6)
  9 killer bees
  4 howler monkeys
  A centaur skeleton (D:5)
  A quasit (D:9)
  2 bullfrog skeletons (D:5)
  5 hounds
  4 orc wizards
  4 worker ants
  A hound skeleton (D:9)
  4 gnolls (D:9)
  11 adders
  2 shadow imps (D:7)
  A white imp (D:8)
  An ufetubus (D:7)
  An ooze (Sewer)
  An adder skeleton (D:7)
  5 dart slugs
  2 worms
  4 leopard geckos
  15 orcs
  8 ball pythons
  7 giant cockroaches
  7 goblins
  12 hobgoblins
  15 jackals
  4 quokkas
  11 bats
  7 frilled lizards
  2 goblin skeletons (D:9)
  2 hobgoblin zombies (D:9)
  18 kobolds
  2 kobold skeletons (D:9)
  A kobold zombie (D:9)
  3 orc zombies (D:9)
  A quokka zombie (D:8)
  11 rats
  2 toadstools (D:1)
223 creatures vanquished.

Vanquished Creatures (collateral kills)
  A worker ant (D:9)
  A hobgoblin zombie (D:9)
2 creatures vanquished.

Vanquished Creatures (others)
  A troll zombie (D:9)
  An orc zombie (D:9)
  7 fungi
  3 plants (Sewer)
  3 toadstools (D:1)
15 creatures vanquished.

Grand Total: 240 creatures vanquished

Notes
Turn   | Place    | Note
-------+----------+-------------------------------------------
     0 | D:1      | Apogee the Human Fighter began the quest for the Orb.
     0 | D:1      | Reached XP level 1. HP: 18/18 MP: 1/1
   125 | D:1      | Reached XP level 2. HP: 24/24 MP: 2/2
   547 | D:1      | Reached XP level 3. HP: 28/29 MP: 3/3
  1034 | D:1      | Reached skill level 3 in Axes
  1273 | D:1      | Reached XP level 4. HP: 16/35 MP: 4/4
  1945 | D:2      | Found a sparkling altar of Nemelex Xobeh.
  2254 | D:3      | Reached XP level 5. HP: 36/41 MP: 5/5
  2629 | D:3      | Reached skill level 4 in Axes
  2736 | D:3      | Found a glowing drain.
  2749 | Sewer    | Entered a sewer
  2873 | Sewer    | Noticed a big kobold
  2873 | Sewer    | Noticed a big kobold
  2906 | Sewer    | Killed a big kobold
  2906 | Sewer    | Reached XP level 6. HP: 14/48 MP: 6/6
  3620 | D:3      | Found a radiant altar of Vehumet.
  3621 | D:3      | Found an ancient bone altar of Kikubaaqudgha.
  3802 | D:4      | Found a burning altar of Makhleb.
  3807 | D:4      | Noticed an ogre
  3817 | D:4      | Killed an ogre
  3817 | D:4      | Reached skill level 5 in Axes
  3817 | D:4      | Reached XP level 7. HP: 20/55 MP: 7/7
  4286 | D:4      | Found Etwygoigor's Antique Weapon Boutique.
  4703 | D:4      | Got a bloodstained cloak
  4778 | D:4      | Identified the +0 cloak "Noank" {Str+3 Slay+2} (You found
                  | it on level 4 of the Dungeon)
  4796 | D:5      | Entered Level 5 of the Dungeon
  4904 | D:5      | Reached skill level 5 in Fighting
  4904 | D:5      | Reached skill level 6 in Axes
  4904 | D:5      | Reached skill level 5 in Armour
  4905 | D:5      | Reached XP level 8. HP: 61/62 MP: 8/8
  5522 | D:6      | Found Xinguj's Magic Scroll Emporium.
  5530 | D:6      | Reached skill level 7 in Axes
  5533 | D:6      | Bought a scroll of torment for 75 gold pieces
  5533 | D:6      | Bought a scroll of blinking for 75 gold pieces
  5533 | D:6      | Bought a scroll of teleportation for 30 gold pieces
  5533 | D:6      | Bought a scroll of identify for 20 gold pieces
  5533 | D:6      | Bought a scroll of remove curse for 30 gold pieces
  5533 | D:6      | Bought a scroll of remove curse for 30 gold pieces
  5820 | D:6      | Found a basalt altar of Yredelemnul.
  5959 | D:6      | Became a worshipper of Yredelemnul the Dark
  6136 | D:6      | Reached skill level 8 in Axes
  6276 | D:6      | Reached skill level 1 in Stealth
  6278 | D:6      | Reached skill level 1 in Invocations
  6923 | D:6      | Reached XP level 9. HP: 51/68 MP: 10/10
  7234 | D:7      | Found a staircase to the Ecumenical Temple.
  8148 | D:8      | Reached skill level 9 in Axes
  8198 | D:8      | Got a crude plate armour
  8211 | D:8      | Identified the cursed +0 plate armour of the Desert {Str-2
                  | Int+6} (You found it on level 8 of the Dungeon)
  8344 | D:8      | Found a runed translucent door.
  8344 | D:8      | Noticed a sixfirhy
  8522 | D:9      | Found a glowing golden altar of the Shining One.
  8532 | D:9      | Reached * piety under Yredelemnul
  8762 | D:9      | Noticed a troll
  8784 | D:9      | Killed a troll
  8784 | D:9      | Reached XP level 10. HP: 17/79 MP: 13/13
  9571 | D:9      | Reached skill level 10 in Axes
  9767 | D:9      | Noticed a komodo dragon
  9768 | D:9      | Reached ** piety under Yredelemnul
  9779 | D:9      | Killed a komodo dragon
  9954 | D:9      | Found a staircase to the Lair.
 10257 | Lair:1   | Entered Level 1 of the Lair of Beasts
 10335 | D:10     | Entered Level 10 of the Dungeon
 10401 | D:10     | Slain by an orc warrior

Illustrated notes

Levels and vault maps discovered:
D:1:      dpeg_arrival_simpleton_c, layout_basic, minmay_gold_behind_fungi,
          chequers_serial_rivers_room_b
D:2:      layout_rooms, nemelex_altar_shiori
D:3:      minmay_angry_zag, layout_loops_ring, gammafunk_temple_overflow_statue,
          portal_sewer_entry_d, minmay_bisected
D:4:      layout_gridville, bloody_makhleb, serial_shops,
          nicolae_shop_statue_plus
D:5:      layout_basic
D:6:      layout_basic, kennysheep_little_box, serial_shops,
          nicolae_shop_temple_entry_statues_fountains
D:7:      layout_gridville, minmay_temple_entry_grid
D:8:      cheibrodos_shockbox, layout_loops_ring
D:9:      layout_long_grid, nicolae_tso_besieged_by_evil, erik_lair_dragon,
          nicolae_wwwww
D:10:     layout_long_grid
Lair:1:   layout_layer_cave, serial_bayou_shore_b

Skill      XL: |  1  2  3  4  5  6  7  8  9 10 |
---------------+-------------------------------+-----
Axes           | 3 4 5 6 8 9 10 | 10.7
Fighting       | 4 5 7 8 |  8.0
Armour         | 4 5 6 |  6.3
Stealth        | 2 |  2.0
Invocations    | 2 4 |  4.0
Shields        | |  3.0

Action                   |  1- 3 |  4- 6 |  7- 9 | 10-12 || total
-------------------------+-------+-------+-------+-------++-------
Melee: War axe           |    87 |   197 |   315 |   103 ||   702
Invok: Animate Remains   |       |       |       |     2 ||     2
  Use: Potion            |       |       |     1 |       ||     1
       Scroll            |       |       |       |     1 ||     1
Armor: Scale mail        |    39 |    88 |       |       ||   127
       Chain mail        |       |    68 |   193 |       ||   261
       Plate armour      |       |       |    49 |    67 ||   116
Dodge: Dodged            |    55 |   119 |   122 |    33 ||   329

Table legend: (Time is in decaauts)
 A = Elapsed time spent in this place.
 B = Non-inter-level travel time spent in this place.
 C = Inter-level travel time spent in this place.
 D = Time resting spent in this place.
 E = Time spent auto-exploring this place.
 F = Levels seen in this place.
 G = Mean time per level.
                   A        B        C        D        E       F      G
               +--------+--------+--------+--------+--------+-----+--------+
         Total |  10555 |  10120 |    435 |   1198 |   7168 |  12 |  879.6 |
       Dungeon |   9945 |   9510 |    435 |   1196 |   6724 |  10 |  994.5 |
          Lair |      1 |      1 |      0 |      0 |      0 |   1 |    1.0 |
         Sewer |    608 |    608 |      0 |      2 |    443 |   1 |  608.0 |
               +--------+--------+--------+--------+--------+-----+--------+

Top non-repeatable levels by time:
     D:9: 1834 daAuts
     D:1: 1452 daAuts
     D:6: 1360 daAuts
     D:3: 1075 daAuts
     D:4: 1035 daAuts
     D:8: 828 daAuts
     D:7: 813 daAuts
     D:2: 754 daAuts
     D:5: 725 daAuts
   Sewer: 608 daAuts
    D:10: 64 daAuts
  Lair:1: 1 daAuts
